 Dungeon Crawl Stone Soup version 0.25.1-2-g60ff931df9 (webtiles) character file.

Game seed: 2284462620720062961

29663 Delamore the Peltast (level 13, -12/84 HPs)
             Began as a Gargoyle Fighter on Sept 3, 2020.
             Was a High Priest of Okawaru.
             Mangled by a porcupine (14 damage)
             ... on level 5 of the Lair of Beasts.
             The game lasted 00:25:29 (21096 turns).

Delamore the Peltast (Gargoyle Fighter)            Turns: 21096, Time: 00:25:30

Health: -12/84     AC:  0    Str: 25    XL:     13   Next: 46%
Magic:  13/13      EV: 13    Int:  9    God:    Okawaru [*****.]
Gold:   984        SH:  0    Dex:  9    Spells: 12/12 levels left

rFire    . . .     SeeInvis .   (weapon currently unavailable)
rCold    . . .     Gourm    .   (shield currently unavailable)
rNeg     + . .     Faith    .   (armour currently unavailable)
rPois    ∞         Spirit   .   (helmet currently unavailable)
rElec    .         Reflect  .   (cloak currently unavailable)
rCorr    .         Harm     .   (gloves currently unavailable)
MR       .....                  (boots currently unavailable)
Stlth    +.........             (no amulet)
HPRegen  0.24/turn              (ring currently unavailable)
MPRegen  0.13/turn              (ring currently unavailable)

@: about to teleport, pig-form, slowed
A: small, negative energy resistance 1, petrification resistance, rot immunity,
AC +9
a: Heroism, Finesse, Renounce Religion


You were on level 5 of the Lair of Beasts.
You worshipped Okawaru.
Okawaru was extremely pleased with you.
You were not hungry.
You were a filthy swine.
You visited 3 branches of the dungeon, and saw 16 of its levels.
You also visited: Bailey.

You collected 984 gold pieces.

Inventory:

Hand Weapons
 F - a +2 flail of protection (melded)
 S - the +8 demon trident "Rift" {distort, reach+}
   (You found it on level 4 of the Lair of Beasts)

   It warps and distorts space around it.
   Unwielding it can cause banishment or high damage.
Missiles
 b - 51 bolts
 q - 59 poisoned darts (quivered)
Armour
 c - a +0 kite shield (melded)
 g - a +1 helmet (melded)
 L - a +2 chain mail of magic resistance (melded)
 T - a +0 pair of boots (melded)
Jewellery
 r - a +6 ring of intelligence (melded)
 B - a ring of see invisible (melded)
Wands
 a - a wand of digging (5)
 A - a wand of enslavement (2)
 G - a wand of disintegration (24)
 P - a wand of flame (10)
Scrolls
 i - 3 scrolls of enchant armour
 l - a scroll of vulnerability
 m - 7 scrolls of teleportation
 o - 4 scrolls of remove curse
 p - 2 scrolls of magic mapping
 s - a scroll of fog
 w - 4 scrolls of enchant weapon
 D - 2 scrolls of amnesia
 K - 2 scrolls of random uselessness
 N - 3 scrolls of immolation
 O - a scroll of noise
Potions
 d - 5 potions of might
 j - a potion of ambrosia
 n - 2 potions of resistance
 t - 2 potions of haste
 v - a potion of stabbing
 z - 2 potions of lignification
 C - a potion of flight
 E - a potion of degeneration
 I - 3 potions of brilliance
 M - a potion of berserk rage
Miscellaneous
 e - a lightning rod (1/4)
Comestibles
 f - 18 rations


   Skills:
 + Level 11.4 Fighting
 - Level 14.0 Maces & Flails
 - Level 5.0 Armour
 - Level 15.0 Shields


You had 12 spell levels left.
You didn't know any spells.
Your spell library contained the following spells:

 Spells                   Type           Power        Failure   Level  Hunger
 Corona                   Hex            #......      38%         1    ##.....
 Foxfire                  Conj/Fire      #...         38%         1    ##.....
 Shock                    Conj/Air       #...         38%         1    ##.....
 Ensorcelled Hibernation  Hex/Ice        #.....       52%         2    ###....
 Swiftness                Chrm/Air       #.......     52%         2    ###....
 Confusing Touch          Hex            #.......     77%         3    ####...
 Dazzling Flash           Conj/Hex       #.....       77%         3    ####...
 Static Discharge         Conj/Air       #.......     77%         3    ####...
 Tukima's Dance           Hex            #.......     77%         3    ####...
 Airstrike                Air            #.........   99%         4    #####..
 Lightning Bolt           Conj/Air       #.........   100%        5    ######.


Dungeon Overview and Level Annotations

Branches:
Dungeon (10/15)            Temple (1/1) D:4            Lair (5/6) D:10
  Swamp (0/4) Lair:2        Snake (0/4) Lair:2          Orc (0/2) D:10
 Bailey (visited)
  Slime: Lair:5-6

Altars:
Ashenzari
Cheibriados
Dithmenos
Elyvilon
Fedhas
Gozag
Hepliaklqana
Kikubaaqudgha
Makhleb
Nemelex Xobeh
Okawaru
Qazlal
Ru
Sif Muna
Trog
Uskayaw
Vehumet
Wu Jian
Xom
Yredelemnul
Zin
The Shining One
Beogh

Shops:
D:8 ?   D:9 *:*(

Annotations:
Lair:3 exclusion: oklob plant
Lair:4 exclusion: oklob plant
Lair:5 3 runed translucent doors, Kirke


Innate Abilities, Weirdness & Mutations

You are resistant to torment.
((Your stone body is resilient. (AC +9)))
You are immune to poison.
You resist negative energy. (rN+)
((You are resistant to electric shocks. (rElec)))
((You can survive without breathing.))
You are immune to petrification.
You are immune to rotting.


Message History

You feel invigorated.
The hog squeals angrily.
You hear an angry squeal.
You hear a loud, deep croak!
You hear an angry squeal.
The porcupine barely misses you.
You feel less invigorated.
You feel less confused. The porcupine barely misses you.
The porcupine closely misses you. The porcupine bites you!
* * * LOW HITPOINT WARNING * * *
The porcupine bites you.
* * * LOW HITPOINT WARNING * * *
Found a ration.
As you read the scroll of teleportation, it crumbles to dust.
You feel strangely unstable. The porcupine bites you!
* * * LOW HITPOINT WARNING * * *
The hog bites you!
* * * LOW HITPOINT WARNING * * *
The porcupine bites you!
You die...

....PP#####.#h#..
#..P...###HF.#F#+
#####...P.P.###...h..
##...........###...#..
#.............#.......
#..............PP....#
#..................!..
#....h.............P.
#%..hr........#......
#............#.......
#.....$......# ......
##...#.#.##.## .P....
######### ##


You could see a hog and a porcupine.

Vanquished Creatures
  Snorg (Lair:3)
  4 hydras
  A death yak (D:9)
  2 orc knights (Bailey)
  10 elephants
  Joseph (D:9)
  2 black mambas
  8 spiny frogs
  3 komodo dragons
  A polar bear (Lair:5)
  3 meliai (Lair:5)
  A queen bee (Lair:5)
  Prince Ribbit (D:5)
  2 trolls (D:9)
  5 hippogriffs
  A bog body (Lair:2)
  A spriggan (D:8)
  A wyvern (D:9)
  17 yaks
  A hungry ghost (D:9)
  A basilisk (D:9)
  2 hogs (Lair:5)
  Menkaure (D:6)
  5 nagas
  Edmund (D:5)
  3 swamp worms (Lair:2)
  6 water moccasins
  9 porcupines
  A black bear (D:7)
  2 sky beasts
  4 ice beasts
  18 orc warriors
  A necrophage (D:9)
  3 phantoms
  5 centaurs
  5 wolves (Lair:1)
  5 ogres
  7 crocodiles
  A big kobold (D:8)
  A wyvern zombie (D:8)
  18 bullfrogs
  6 scorpions
  3 wights (D:9)
  18 killer bees
  An electric eel (Lair:2)
  7 howler monkeys
  4 crimson imps
  4 hounds
  7 orc priests
  5 jellies
  A centaur skeleton (D:9)
  8 orc wizards
  4 worker ants
  3 iguanas
  Natasha (thrice) (D:3)
  A hound skeleton (D:8)
  A worker ant zombie (D:8)
  Robin (D:2)
  2 howler monkey skeletons
  7 adders
  2 shadow imps
  An ooze (D:6)
  2 adder zombies
  An adder skeleton (D:5)
  2 worms
  3 dart slugs
  8 leopard geckos
  74 orcs
  A ball python (D:2)
  A giant cockroach (D:2)
  12 goblins
  12 hobgoblins
  15 jackals
  8 kobolds
  4 quokkas
  6 bats
  3 frilled lizards
  A giant cockroach zombie (D:6)
  A leopard gecko zombie (D:7)
  4 rats
412 creatures vanquished.

Vanquished Creatures (others)
  An orc knight (Bailey)
  3 fungi (Lair:5)
4 creatures vanquished.

Grand Total: 416 creatures vanquished

Notes
Turn   | Place    | Note
-------+----------+-------------------------------------------
     0 | D:1      | Delamore the Gargoyle Fighter began the quest for the Orb.
     0 | D:1      | Reached XP level 1. HP: 14/14 MP: 1/1
   279 | D:1      | Reached XP level 2. HP: 19/19 MP: 2/2
   678 | D:2      | Reached XP level 3. HP: 23/24 MP: 3/3
   695 | D:2      | Reached skill level 4 in Shields
   918 | D:2      | Found a snail-covered altar of Cheibriados.
  1189 | D:2      | Noticed Robin
  1212 | D:2      | Killed Robin
  1212 | D:2      | Reached XP level 4. HP: 22/29 MP: 4/4
  1373 | D:3      | Noticed Natasha
  1384 | D:3      | Killed Natasha
  1384 | D:3      | Reached XP level 5. HP: 16/33 MP: 5/5
  1609 | D:3      | Noticed Natasha
  1847 | D:3      | Killed Natasha
  1847 | D:3      | Reached skill level 5 in Shields
  2073 | D:3      | Noticed Natasha
  2076 | D:3      | Killed Natasha
  2152 | D:3      | Noticed a phantom
  2168 | D:3      | Killed a phantom
  2168 | D:3      | Reached XP level 6. HP: 33/39 MP: 6/6
  2532 | D:4      | Reached skill level 5 in Maces & Flails
  3218 | D:4      | Found a staircase to the Ecumenical Temple.
  3303 | Temple   | Entered the Ecumenical Temple
  3647 | D:5      | Entered Level 5 of the Dungeon
  3650 | D:5      | Noticed Prince Ribbit
  3716 | D:5      | Reached XP level 7. HP: 7/44 MP: 7/7
  4131 | D:5      | Found a shimmering blue altar of Sif Muna.
  4162 | D:5      | Reached skill level 5 in Fighting
  4292 | D:6      | Noticed Edmund
  4527 | D:5      | Killed Edmund
  4784 | D:5      | Reached XP level 8. HP: 43/49 MP: 8/8
  5075 | D:5      | You fall into a shaft and drop 1 floor!
  5148 | D:6      | Noticed Menkaure
  5162 | D:6      | Killed Menkaure
  5537 | D:6      | Reached skill level 10 in Maces & Flails
  5537 | D:6      | Reached XP level 9. HP: 46/54 MP: 9/9
  5653 | D:5      | Killed Prince Ribbit
  5772 | D:5      | Found a white marble altar of Elyvilon.
  6615 | D:7      | Found a shimmering blue altar of Sif Muna.
  6659 | D:7      | Identified Sif Muna's Papyrus of Fire
  7060 | D:7      | Found a glowing golden altar of the Shining One.
  7318 | D:7      | Reached XP level 10. HP: 59/59 MP: 10/10
  7565 | D:8      | Found a snail-covered altar of Cheibriados.
  8595 | D:8      | Found Purr's Magic Scroll Shoppe.
  9606 | D:9      | Found Beqy's Weapon Boutique.
 10020 | D:9      | Found Direlamn's Book Boutique.
 10211 | D:9      | Found Zoal Zuq's General Store.
 10441 | D:9      | Found Tixkev's General Store.
 10469 | D:9      | Found an iron altar of Okawaru.
 10494 | D:9      | Became a worshipper of Warmaster Okawaru
 10537 | D:10     | Entered Level 10 of the Dungeon
 10570 | D:10     | Found a flagged portal.
 10579 | Bailey   | Entered a bailey
 10579 | Bailey   | Noticed an orc knight
 10583 | Bailey   | Noticed an orc knight
 10584 | Bailey   | Noticed an orc knight
 10621 | Bailey   | Reached skill level 6 in Shields
 10771 | Bailey   | Killed an orc knight
 10771 | Bailey   | Reached * piety under Okawaru
 10771 | Bailey   | Reached skill level 5 in Armour
 10771 | Bailey   | Reached skill level 7 in Shields
 10771 | Bailey   | Reached XP level 11. HP: 32/64 MP: 11/11
 11577 | Bailey   | Killed an orc knight
 11577 | Bailey   | Reached skill level 8 in Shields
 11662 | D:10     | Noticed Joseph
 11676 | D:10     | Noticed a death yak
 11937 | D:9      | HP: 3/66 [death yak (16)]
 12274 | D:9      | Killed a death yak
 12274 | D:9      | Reached ** piety under Okawaru
 12274 | D:9      | Reached skill level 9 in Shields
 12834 | D:9      | Reached *** piety under Okawaru
 12916 | D:9      | Killed Joseph
 12916 | D:9      | Reached skill level 10 in Shields
 13387 | D:10     | Found a roughly hewn altar of Beogh.
 13572 | D:10     | Found a staircase to the Lair.
 13679 | D:10     | Found a staircase to the Orcish Mines.
 13836 | Lair:1   | Entered Level 1 of the Lair of Beasts
 13886 | Lair:1   | Reached **** piety under Okawaru
 14112 | Lair:1   | Reached skill level 11 in Shields
 14112 | Lair:1   | Reached XP level 12. HP: 60/74 MP: 12/12
 14361 | Lair:1   | Noticed an eight-headed hydra
 14373 | Lair:1   | Killed an eight-headed hydra
 14779 | Lair:2   | Noticed a seven-headed hydra
 14791 | Lair:2   | Killed a seven-headed hydra
 15188 | Lair:2   | Reached skill level 12 in Shields
 15401 | Lair:2   | Reached ***** piety under Okawaru
 15922 | Lair:2   | Found a staircase to the Snake Pit.
 16171 | Lair:2   | Found a staircase to the Swamp.
 16533 | Lair:3   | Reached skill level 10 in Fighting
 16624 | Lair:3   | Reached skill level 13 in Shields
 16808 | Lair:3   | Noticed a seven-headed hydra
 16826 | Lair:3   | Killed a seven-headed hydra
 16826 | Lair:3   | Received a gift from Okawaru
 17199 | Lair:3   | Found a blossoming altar of Fedhas.
 17406 | Lair:3   | Noticed Snorg
 17752 | Lair:3   | Killed Snorg
 18181 | Lair:4   | Noticed a five-headed hydra
 18195 | Lair:4   | Killed a five-headed hydra
 18195 | Lair:4   | Reached XP level 13. HP: 80/83 MP: 13/13
 18279 | Lair:4   | Found the +8 demon trident "Rift" {distort, reach+}
 18681 | Lair:4   | Reached skill level 14 in Shields
 19436 | Lair:5   | Found a basalt altar of Yredelemnul.
 20744 | Lair:5   | Reached skill level 15 in Shields
 20795 | Lair:5   | Found a runed translucent gate.
 20795 | Lair:5   | Found a runed translucent gate.
 20795 | Lair:5   | Found a runed translucent gate.
 21027 | Lair:5   | Noticed Kirke
 21096 | Lair:5   | HP: 2/84 [hog[Kirke] (8)]
 21096 | Lair:5   | Mangled by a porcupine

Illustrated notes

Levels and vault maps discovered:
D:1:      erik_arrival_triangle_large, layout_basic, minmay_close_crescents
D:2:      layout_loops_ring, lemuel_crystal_altar, serial_glass,
          glass_columns_a, glass_columns_a, uniq_robin
D:3:      layout_rooms, kennysheep_generic_room_9, uniq_natasha
D:4:      layout_loops_corners, minmay_temple_entry_statues_pillars
D:5:      minmay_chambers_of_threes, layout_loops_ring, lemuel_crystal_altar,
          basic_altar, first_ration, st_stairs_9, uniq_prince_ribbit1
D:6:      layout_gridville, corexii_shack, uniq_edmund, uniq_menkaure
D:7:      layout_loops_cross, old_standard_altar, led_sif_book
D:8:      layout_loops_corners, serial_glass, glass_columns_a, glass_columns_c,
          serial_shops, shop_fountains, grunt_pizzeria, serial_park_tiny_2,
          lemuel_centaur_altar
D:9:      layout_roguey, okawaru_altar_gauntlet_db, serial_corexii_hall,
          corexii_hall_statues_x, corexii_hall_statues_l, serial_shops,
          nicolae_shop_competitors_out_of_business, nicolae_shop_statue_plus,
          kennysheep_mini_moat, nicolae_shop_temple_entry_statues_fountains
D:10:     layout_rooms, david_lair_generic, hiddenorc2_lemuel, enter_bailey_2,
          special_room [special_room_orc], uniq_joseph
Temple:   regret_index_temple_mists
Lair:1:   layout_misc_corridors, grunt_forest_small_clearing_treed
Lair:2:   layout_loops_ring, nicolae_swamp_entry_splash_gauntlet,
          minmay_snake_entry_guardpost_large
Lair:3:   layout_regular_city, tgw_fedhas, uniq_snorg
Lair:4:   layout_cave_pods, st_stairs_9
Lair:5:   layout_roguey [special_room_bee], basic_altar,
          gammafunk_ghost_necromancy, serial_bayou_shore_a, uniq_kirke

Skill      XL: |  1  2  3  4  5  6  7  8  9 10 11 12 13 |
---------------+----------------------------------------+-----
Shields        | 4 5 7 11 13 15 | 15.0
Maces & Flails | 3 4 5 7 10 12 14 | 14.0
Fighting       | 4 5 8 10 11 | 11.4
Armour         | 5 |  5.0

Action                   |  1- 3 |  4- 6 |  7- 9 | 10-12 | 13-15 || total
-------------------------+-------+-------+-------+-------+-------++-------
Melee: Flail             |   175 |   155 |    19 |   490 |   376 ||  1215
       Mace              |       |       |   425 |   853 |       ||  1278
       Unarmed           |       |       |       |       |     8 ||     8
Throw: Dart              |       |    16 |    37 |    45 |       ||    98
       Throwing net      |       |       |       |     2 |       ||     2
Invok: Heroism           |       |       |       |     7 |       ||     7
       Finesse           |       |       |       |     1 |       ||     1
 Abil: Evoke Flight      |       |       |     2 |     4 |       ||     6
Evoke: Wand              |       |       |     1 |    14 |     3 ||    18
       Lightning rod     |       |       |       |     4 |     4 ||     8
  Use: Scroll            |       |       |    17 |     9 |     8 ||    34
       Potion            |       |       |       |     6 |     5 ||    11
 Stab: Invisible         |       |       |       |       |     4 ||     4
  Eat: Chunk             |     1 |     6 |    12 |    22 |     6 ||    47
       Ration            |       |     1 |       |     5 |     1 ||     7
Armor: Scale mail        |   131 |   130 |   209 |    75 |       ||   545
       Chain mail        |       |       |       |   602 |   262 ||   864
       Plate armour      |       |       |       |    51 |       ||    51
Dodge: Dodged            |    67 |    70 |   110 |   285 |   160 ||   692
Block: Kite shield       |   125 |   114 |   213 |   744 |   369 ||  1565
